Map: 2000 Atmospheres LE

Players

Rob

  • Race: Protoss Protoss

PiLiPiLi - Winner!

  • Race: Protoss Protoss

Event: DreamHack SC2 Masters 2021 Fall

VOD

Have the link to the VOD?

Description

Time

  • Played on: Aug. 4, 2021, 5:24 p.m.
  • Length: 9:03

All games in this series

Show
View Real Time Build Order
Export as new Build Order

Rob Protoss 

Build Orders: Blink Stalkers 

Get SALT Encoding   

  12  0:00  Probe  
  13  0:12  Probe  
  14  0:19  Pylon  
  14  0:24  Probe  
  15  0:37  Probe (Chrono Boost)  
  15  0:38  Gateway  
  16  0:46  Probe (Chrono Boost)  
  17  0:50  Assimilator  
  17  0:52  Probe  
  17  0:56  Assimilator  
  18  1:04  Probe (Chrono Boost)  
  19  1:15  Probe (Chrono Boost)  
  19  1:16  Gateway  
  20  1:20  Probe (Chrono Boost)  
  21  1:28  Cybernetics Core  
  21  1:30  Probe  
  22  1:42  Probe  
  22  1:43  Pylon  
  23  2:01  Probe  
  24  2:05  Adept x2, Warp Gate  
  28  2:12  Pylon  
  28  2:16  Pylon  
  28  2:27  Stargate  
  28  2:37  Stalker x2  
  32  2:48  Twilight Council  
  32  3:07  Stalker x2  
  32  3:08  Shield Battery  
  34  3:25  Probe  
  35  3:29  Blink (Chrono Boost)  
  31  3:42  Nexus  
  32  3:53  Stalker  
  32  3:55  Stalker  
  32  4:23  Stalker  
  33  4:25  Probe  
  34  4:36  Stalker  
  34  4:37  Probe  
  37  4:39  Pylon  
  37  4:47  Shield Battery  
  37  4:50  Probe  
  38  4:55  Probe  
  39  5:02  Probe (Chrono Boost)  
  40  5:10  Dark Shrine  
  40  5:11  Probe (Chrono Boost)  
  41  5:16  Probe (Chrono Boost)  
  43  5:23  Probe x2 (Chrono Boost)  
  43  5:32  Probe (Chrono Boost)  
  43  5:33  Probe (Chrono Boost)  
  45  5:43  Probe (Chrono Boost)  
  45  5:47  Probe (Chrono Boost)  
  45  5:48  Probe (Chrono Boost)  
  46  5:54  Forge  
  47  5:58  Probe (Chrono Boost)  
  47  5:59  Probe (Chrono Boost)  
  47  6:04  Gateway  
  48  6:06  Pylon  
  48  6:08  Probe (Chrono Boost)  
  48  6:09  Stalker x2, Probe (Chrono Boost)  
  54  6:17  Shield Battery  
  54  6:21  Probe  
  54  6:22  Probe  
  46  6:33  Probe  
  46  6:34  Probe  
  46  6:37  Stalker x2  
  47  6:45  Probe  
  47  6:46  Probe  
  39  6:56  Protoss Ground Weapons Level 1 (Chrono Boost)  
  39  6:57  Probe (Chrono Boost)  
  39  7:00  Dark Shrine  
  41  7:01  Probe (Chrono Boost)  
  42  7:09  Probe (Chrono Boost)  
  42  7:14  Probe (Chrono Boost)  
  42  7:15  Probe (Chrono Boost)  
  43  7:18  Sentry x2  
  43  7:19  Stalker  
  50  7:22  Probe  
  50  7:25  Probe  
  52  7:35  Probe  
  53  7:40  Pylon  
  53  7:42  Assimilator, Stalker x3  
  60  7:47  Probe  
  60  7:48  Gateway  
  60  7:51  Gateway  
  60  7:56  Probe  
  61  8:05  Robotics Facility  
  61  8:08  Probe  
  61  8:12  Stalker  
  40  8:43  Stalker  
  40  8:44  Stalker  
  40  8:48  Stalker  
Show
View Real Time Build Order
Export as new Build Order

PiLiPiLi Protoss - Winner!

Build Orders: Oracle Opening, Phoenix Opening 

Get SALT Encoding   

  12  0:00  Probe  
  13  0:12  Probe  
  14  0:17  Pylon  
  14  0:25  Probe (Chrono Boost)  
  15  0:36  Gateway  
  15  0:37  Probe (Chrono Boost)  
  16  0:44  Probe (Chrono Boost)  
  16  0:46  Assimilator  
  17  0:51  Probe  
  17  0:54  Assimilator  
  18  1:03  Probe  
  19  1:08  Gateway  
  19  1:15  Probe (Chrono Boost)  
  20  1:25  Cybernetics Core, Probe (Chrono Boost)  
  21  1:30  Probe (Chrono Boost)  
  22  1:38  Pylon  
  22  1:41  Probe  
  24  2:02  Warp Gate  
  24  2:03  Stalker  
  24  2:04  Stalker  
  28  2:08  Probe  
  28  2:16  Pylon  
  28  2:25  Stargate  
  28  2:28  Probe  
  29  2:43  Stalker x2  
  32  2:51  Shield Battery  
  32  2:54  Probe  
  33  3:05  Oracle (Chrono Boost)  
  33  3:07  Probe  
  35  3:24  Probe  
  31  3:36  Probe  
  31  3:40  Phoenix (Chrono Boost)  
  34  3:54  Probe  
  35  4:01  Nexus  
  35  4:06  Probe  
  36  4:14  Oracle (Chrono Boost)  
  39  4:28  Pylon  
  39  4:30  Shield Battery  
  39  4:38  Robotics Facility  
  39  4:46  Probe  
  40  4:56  Stalker  
  40  4:58  Probe  
  43  5:04  Twilight Council  
  43  5:10  Probe  
  43  5:13  Probe  
  45  5:17  Stalker  
  47  5:22  Probe  
  48  5:33  Probe  
  48  5:34  Probe  
  47  5:39  Observer (Chrono Boost)  
  47  5:42  Blink  
  48  5:46  Probe (Chrono Boost)  
  48  5:49  Probe (Chrono Boost)  
  50  5:53  Gateway  
  50  5:56  Pylon, Probe (Chrono Boost)  
  51  5:59  Probe (Chrono Boost)  
  51  6:01  Probe (Chrono Boost)  
  51  6:03  Stalker  
  55  6:09  Pylon, Probe  
  56  6:13  Probe  
  57  6:21  Immortal (Chrono Boost)  
  57  6:22  Stalker  
  63  6:27  Shield Battery  
  63  6:39  Stalker  
  65  6:42  Probe x2  
  60  6:54  Probe  
  60  6:55  Assimilator, Stalker  
  60  6:58  Stalker  
  66  7:05  Gateway  
  65  7:08  Gateway  
  65  7:11  Gateway  
  65  7:19  Warp Prism (Chrono Boost)  
  67  7:32  Stalker x3  
  73  7:38  Probe x2  
  73  7:39  Assimilator  
  75  7:47  Observer (Chrono Boost)  
  75  7:50  Probe  
  77  7:53  Pylon  
  77  7:56  Dark Shrine  
  77  7:57  Pylon  
  77  8:14  Stalker x4  
  77  8:18  Stalker  
  79  8:45  Stalker x4  

Tags
 
Add a new tag
Caveats
  • Supply blocks, unpowered buildings, or Contaminate may cause inaccurate times.
  • Supply counts are checked every 10 seconds.